 Dungeon Crawl Stone Soup version 0.31-a0-187-gba352fbbf7 (webtiles) character file.

Game seed: 3020048800353647524

704 qw the Skirmisher (level 7, -8/40 HPs)
             Began as a Deep Elf Hunter on June 22, 2023.
             Mangled by Prince Ribbit (11 damage)
             ... on level 5 of the Dungeon.
             The game lasted 00:02:33 (3524 turns).

qw the Skirmisher (Deep Elf Hunter)                 Turns: 3524, Time: 00:02:34

Health: -8/40      AC: 10    Str: 10    XL:     7   Next: 39%
Magic:  9/9        EV: 11    Int: 14    God:
Gold:   278        SH:  0    Dex: 18    Spells: 6/6 levels left

rFire   + . .        Y - +0 shortbow
rCold   . . .        (shield currently unavailable)
rNeg    . . .        j - +0 ring mail
rPois   .            (no helmet)
rElec   .            f - +0 cloak
rCorr   .            (no gloves)
SInv    .            (no boots)
Will    .....        (no amulet)
Stlth   +            g - +4 ring of protection
HPRegen 0.26/turn    k - ring of protection from fire
MPRegen 0.11/turn

%: no passive effects
@: no status effects
A: talons 1, evolution 1
a: no special abilities


You were on level 5 of the Dungeon.
You visited 1 branch of the dungeon, and saw 5 of its levels.

You collected 278 gold pieces.


Innate Abilities, Weirdness & Mutations

You have sharp toenails.
You have hidden genetic potential.


   Skills:
 - Level 2.7 Fighting
 + Level 10.9 Ranged Weapons
 - Level 1.0 Armour
 - Level 3.0 Dodging
 - Level 1.2 Stealth


You had 6 spell levels left.
You didn't know any spells.
Your spell library was empty.

Inventory:

Hand Weapons
 Y - a +0 shortbow (weapon)
Armour
 f - a +0 cloak (worn)
 j - a +0 ring mail (worn)
Jewellery
 b - a ring of fire
 g - a +4 ring of protection (left hand)
 k - a ring of protection from fire (right hand)
Scrolls
 h - a scroll of identify
 l - a scroll of brand weapon {unknown}
Potions
 a - a potion of enlightenment
 c - 2 potions of curing
 d - a potion of might
 e - 3 potions of haste
 i - a potion of resistance
 m - 2 potions of mutation

Dungeon Overview and Level Annotations

Branches:
Dungeon (5/15)
 Temple: D:4-7

Altars:
Kikubaaqudgha
Makhleb
Trog
Uskayaw

Shops:
D:2 :

Annotations:
D:5 Prince Ribbit


Message History

The ogre is heavily wounded.
You shoot an arrow. The arrow hits the ogre.
The ogre is severely wounded.
The ogre hits you with a +0 giant club!
You shoot an arrow. The arrow hits the ogre.
The ogre is almost dead.
The ogre closely misses you.
You shoot an arrow. The arrow hits the ogre!
You kill the ogre!
You shoot an arrow.
The arrow hits Prince Ribbit but does no damage.
Prince Ribbit hops awkwardly around.
Prince Ribbit hits you. Prince Ribbit hits you!
You shoot an arrow. The arrow hits Prince Ribbit.
Prince Ribbit is lightly wounded.
Prince Ribbit blinks!
You start resting.
Prince Ribbit is nearby!
You shoot an arrow. The arrow barely misses Prince Ribbit.
You shoot an arrow. The arrow hits Prince Ribbit.
Prince Ribbit is lightly wounded.
Prince Ribbit asks, "Just a little smooch?"
Prince Ribbit hits you but does no damage. x2
You shoot an arrow. The arrow misses Prince Ribbit.
Prince Ribbit hits you but does no damage.
You shoot an arrow.
The arrow hits Prince Ribbit but does no damage.
Prince Ribbit is lightly wounded.
Prince Ribbit misses you. Prince Ribbit closely misses you.
You shoot an arrow. The arrow hits Prince Ribbit.
Prince Ribbit is moderately wounded.
Prince Ribbit blinks!
You shoot an arrow. The arrow closely misses Prince Ribbit.
Prince Ribbit misses you.
You shoot an arrow. The arrow closely misses Prince Ribbit.
Prince Ribbit hits you! Prince Ribbit closely misses you.
You shoot an arrow.
The arrow completely misses Prince Ribbit.
Prince Ribbit hits you!
You die...

########### . #.........#
... #.........#
(....######.........#
......ยค@F.'..>......#
....#######.........# .
#...?.....# ######
######.........# ###
#....# #.....##+#'#####
####<###.##.# #.....##.#.#
.......#.##.###.....##.#.#
#######'.##...'.....#....#


77777 ##?######.....#..### You could see Prince Ribbit.

Vanquished Creatures
  2 ogres
  A howler monkey (D:5)
  3 hounds (D:5)
  3 jellies (D:5)
  A gnoll bouda (D:5)
  A sleepcap (D:5)
  An iguana (D:5)
  8 gnolls
  8 adders
  3 worms
  A dart slug (D:3)
  6 ball pythons
  8 endoplasms
  5 giant cockroaches
  10 hobgoblins
  3 jackals (D:2)
  3 quokkas
  3 bats
  3 frilled lizards
  6 goblins
  6 kobolds
  7 rats
92 creatures vanquished.

Notes
Turn   | Place    | Note
-------+----------+-------------------------------------------
     0 | D:1      | qw the Deep Elf Hunter began the quest for the Orb.
     0 | D:1      | Reached XP level 1. HP: 12/12 MP: 3/3
     0 | D:1      | 0 ||| qw: Version: 0.3-a-9-g12657ce
     0 | D:1      | 0 ||| qw: Game counter: 2136
     0 | D:1      | 0 ||| qw: Always use a shield: true
     0 | D:1      | 0 ||| qw: God list: Okawaru
     0 | D:1      | 0 ||| qw: Allow faded altars: false
     0 | D:1      | 0 ||| qw: Do Orc after D:15 true
     0 | D:1      | 0 ||| qw: Do second Lair branch before Depths: true
     0 | D:1      | 0 ||| qw: Lair rune preference: random
     0 | D:1      | 0 ||| qw: Plans: Normal
     0 | D:1      | 0 ||| PLANNING D:1-11
   137 | D:1      | Reached XP level 2. HP: 16/16 MP: 4/4
   150 | D:1      | Reached skill level 6 in Ranged Weapons
   247 | D:1      | 247 ||| UPGRADING to +0 cloak.
   262 | D:1      | 262 ||| DROPPING scroll of butterflies.
   768 | D:1      | Found a faded altar of an unknown god.
  1058 | D:1      | 1058 ||| UPGRADING to +4 ring of protection.
  1059 | D:1      | 1059 ||| READING scroll labelled TINWONK LERPHI.
  1060 | D:1      | 1060 ||| READING 4 scrolls labelled XEFAOCHYEB.
  1061 | D:1      | 1061 ||| DRINKING 2 murky coppery potions.
  1062 | D:1      | 1062 ||| READING 3 scrolls of identify.
  1062 | D:1      | 1062 ||| IDENTIFYING murky emerald potion
  1063 | D:1      | 1063 ||| READING 2 scrolls of identify.
  1063 | D:1      | 1063 ||| IDENTIFYING fuming grey potion
  1118 | D:2      | Reached XP level 3. HP: 17/20 MP: 5/5
  1208 | D:2      | Reached skill level 7 in Ranged Weapons
  1289 | D:2      | Reached XP level 4. HP: 25/25 MP: 6/6
  1321 | D:2      | Found Emaog's Book Emporium.
  1442 | D:2      | Found a bloodstained altar of Trog.
  1678 | D:2      | 1678 ||| UPGRADING to +0 ring mail.
  1688 | D:2      | 1688 ||| DROPPING +0 leather armour.
  1689 | D:2      | 1689 ||| READING scroll labelled GEKLAL EDGHOI.
  1690 | D:2      | 1690 ||| READING scroll labelled QAIJYA WAEPS.
  1691 | D:2      | 1691 ||| DRINKING 2 black potions.
  1692 | D:2      | 1692 ||| DROPPING potion of magic.
  1731 | D:3      | Found an ancient bone altar of Kikubaaqudgha.
  1754 | D:3      | Reached skill level 8 in Ranged Weapons
  1921 | D:3      | Reached XP level 5. HP: 29/29 MP: 7/7
  2174 | D:3      | 2174 ||| READING scroll labelled ACEYSHUEXO.
  2175 | D:3      | 2175 ||| READING scroll labelled UBOSIVYMERPH.
  2176 | D:3      | 2176 ||| DRINKING 2 glowing amethyst potions.
  2177 | D:3      | 2177 ||| READING 2 scrolls of identify.
  2177 | D:3      | 2177 ||| IDENTIFYING golden potion
  2178 | D:3      | 2178 ||| DROPPING potion of ambrosia.
  2466 | D:4      | Found a hide-covered altar of Uskayaw.
  2487 | D:4      | Reached skill level 9 in Ranged Weapons
  2820 | D:4      | Noticed an ogre
  2827 | D:4      | Killed an ogre
  2828 | D:4      | Reached XP level 6. HP: 26/36 MP: 8/8
  3083 | D:4      | 3083 ||| UPGRADING to ring of protection from fire.
  3084 | D:4      | 3084 ||| DRINKING 4 lumpy blue potions.
  3084 | D:4      | Gained mutation: You are dopey. (Int -2) [potion of
                  | mutation]
  3084 | D:4      | Gained mutation: Your spells are a little easier to cast,
                  | but a little less powerful. [potion of mutation]
  3084 | D:4      | Gained mutation: You occasionally lose the ability to drink
                  | potions when taking damage. [potion of mutation]
  3085 | D:4      | 3085 ||| DRINKING 3 potions of mutation.
  3085 | D:4      | Lost mutation: You are dopey. (Int -2) [potion of mutation]
  3085 | D:4      | Lost mutation: You occasionally lose the ability to drink
                  | potions when taking damage. [potion of mutation]
  3085 | D:4      | Lost mutation: Your spells are a little easier to cast, but
                  | a little less powerful. [potion of mutation]
  3085 | D:4      | Gained mutation: You have hidden genetic potential. [potion
                  | of mutation]
  3086 | D:4      | 3086 ||| READING 3 scrolls of identify.
  3086 | D:4      | 3086 ||| IDENTIFYING coppery potion
  3087 | D:4      | 3087 ||| READING 2 scrolls of identify.
  3087 | D:4      | 3087 ||| IDENTIFYING sedimented coppery potion
  3088 | D:4      | 3088 ||| DROPPING potion of brilliance.
  3117 | D:5      | Entered Level 5 of the Dungeon
  3225 | D:5      | Found a burning altar of Makhleb.
  3275 | D:5      | Reached skill level 10 in Ranged Weapons
  3286 | D:5      | 3286 ||| FLEEEEING.
  3287 | D:5      | 3287 ||| FLEEEEING.
  3288 | D:5      | 3288 ||| FLEEEEING.
  3289 | D:5      | 3289 ||| FLEEEEING.
  3290 | D:5      | 3290 ||| FLEEEEING.
  3291 | D:5      | 3291 ||| FLEEEEING.
  3292 | D:5      | 3292 ||| FLEEEEING.
  3293 | D:5      | 3293 ||| FLEEEEING.
  3294 | D:5      | 3294 ||| FLEEEEING.
  3295 | D:5      | 3295 ||| FLEEEEING.
  3296 | D:5      | 3296 ||| FLEEEEING.
  3297 | D:5      | 3297 ||| FLEEEEING.
  3313 | D:5      | Reached skill level 3 in Dodging
  3318 | D:5      | Reached XP level 7. HP: 39/40 MP: 9/9
  3323 | D:5      | Gained mutation: You have sharp toenails. [hidden
                  | potential]
  3325 | D:5      | Reached skill level 1 in Armour
  3505 | D:5      | Noticed Prince Ribbit
  3523 | D:5      | HP: 3/40 [Prince Ribbit (15)]
  3524 | D:5      | Mangled by Prince Ribbit

Levels and vault maps discovered:
D:1:      giann_bridges, layout_rooms, ebering_ecumenical_altar_box,
          serial_forest, infiniplex_forest_clump_curved,
          infiniplex_forest_clump_double, infiniplex_forest_clump_large,
          infiniplex_forest_lined_3, infiniplex_forest_end_2,
          infiniplex_forest_clump_double, nicolae_concentric_dashed_squares_mild
D:2:      layout_basic, serial_shops, shop, basic_altar
D:3:      layout_basic, mainiacjoe_overflow_chevrons, supply_closet_lemuel,
          minmay_hedge_maze, nicolae_titane
D:4:      layout_loops_ring, mainiacjoe_overflow_small_starburst, serial_rivers,
          chequers_serial_rivers_micro_e, chequers_serial_rivers_micro_a,
          chequers_serial_rivers_micro_e, chequers_serial_rivers_large_a,
          chequers_serial_rivers_micro_d, chequers_serial_rivers_large_b
D:5:      layout_basic, mainiacjoe_overflow_brackets, kennysheep_generic_room_8,
          uniq_prince_ribbit1

Skill      XL: |  1  2  3  4  5  6  7 |
---------------+----------------------+-----
Ranged Weapons | 6 7 8 9 10 | 10.9
Fighting       | 2 |  2.7
Dodging        | 3 |  3.0
Armour         | 1 |  1.0
Stealth        | |  1.2

Action                     |  1- 3 |  4- 6 |  7- 9 || total
---------------------------+-------+-------+-------++-------
   Fire: Shortbow          |   137 |   214 |    44 ||   395
    Use: Scroll            |     4 |     7 |       ||    11
         Potion            |     1 |     4 |       ||     5
 Armour: Leather armour    |    18 |       |       ||    18
         Ring mail         |       |    22 |     6 ||    28
  Dodge: Dodged            |    28 |    35 |    10 ||    73

Table legend:
 A = Non-vault XP
 B = Vault XP
 C = Vault XP percentage of total XP
 D = Non-vault monster count
 E = Vault monster count
 F = Vault count percentage of total count
                 A         B        C        D         E       F
            +---------+---------+-------+---------+---------+-------
      Total |     961 |      45 |   4.5 |      91 |       1 |   1.1
            +---------+---------+-------+---------+---------+-------
        D:1 |      37 |       0 |   0.0 |      22 |       0 |   0.0
        D:2 |      79 |       0 |   0.0 |      23 |       0 |   0.0
        D:3 |      90 |       0 |   0.0 |      16 |       0 |   0.0
        D:4 |     201 |       0 |   0.0 |      16 |       0 |   0.0
        D:5 |     554 |      45 |   7.5 |      14 |       1 |   6.7
            +---------+---------+-------+---------+---------+-------
